 Dungeon Crawl Stone Soup version 0.28.0-53-g5a82cb258f (webtiles) character file.

Game seed: 2840511130537019828

2692 Protagoras the Cleaver (level 9, -5/70 (85) HPs)
             Began as a Hill Orc Berserker on June 24, 2022.
             Was a Priest of Trog.
             Slain by a boulder beetle (32 damage)
             ... on level 7 of the Dungeon.
             The game lasted 00:43:59 (8503 turns).

Protagoras the Cleaver (Hill Orc Berserker)         Turns: 8503, Time: 00:44:00

HP:   -5/70 (85)    AC: 10    Str: 24    XL:     9   Next: 65%
MP:   9/9           EV:  7    Int:  7    God:    Trog [***...]
Gold: 350           SH:  9    Dex: 10    Spells: 8/8 levels left

rFire   . . .      SeeInvis .   x - +0 war axe
rCold   + . .      Faith    .   u - +0 kite shield
rNeg    . . .      Spirit   .   B - +0 chain mail
rPois   .          Reflect  .   b - +0 helmet
rElec   .          Harm     .   (no cloak)
rCorr   .          Rampage  .   (no gloves)
Will    .....                   A - +0 pair of boots
Stlth   ..........              (no amulet)
HPRegen 0.21/turn               l - ring of Shadows {Umbra +Inv Stlth+}
MPRegen 0.11/turn               s - ring of protection from cold

@: on berserk cooldown, slowed, wreathed by umbra, heavily drained, very slow
A: no striking features
a: Renounce Religion, Evoke Invisibility, Berserk, Trog's Hand


You were on level 7 of the Dungeon.
You worshipped Trog.
Trog was most pleased with you.
You visited 1 branch of the dungeon, and saw 7 of its levels.

You collected 350 gold pieces.

Inventory:

Hand Weapons
 e - a +0 demon trident
 x - a +0 war axe (weapon)
Missiles
 j - 20 poisoned darts
 v - 66 stones
Armour
 b - a +0 helmet (worn)
 u - a +0 kite shield (worn)
 A - a +0 pair of boots (worn)
 B - a +0 chain mail (worn)
Jewellery
 a - the ring "Xekuug" {Fire Str+3 Int+4}
   (You found it on level 3 of the Dungeon)

   [ring of fire]

   It enhances your fire magic.
   Str:       It affects your strength (+3).
   Int:       It affects your intelligence (+4).
   rF:        It protects you from fire.
   rC:        It makes you vulnerable to cold.
 l - the ring of Shadows (left hand) {Umbra +Inv Stlth+}
   (You found it on level 3 of the Dungeon)

   [ring of stealth]

   It surrounds you with an aura of shadow, increasing your stealth and reducing
   the accuracy of all others within it.
   +Inv:      It lets you turn invisible.
   Stlth:     It makes you more stealthy.
 s - a ring of protection from cold (right hand)
Wands
 f - a wand of flame (12) (quivered)
 g - a wand of charming (13)
 D - a wand of digging (13)
Scrolls
 h - a scroll of noise {unknown}
 m - 2 scrolls of teleportation {unknown}
 n - 2 scrolls of fear {unknown}
 q - a scroll of fog {unknown}
 r - 2 scrolls of magic mapping {unknown}
 t - a scroll of summoning {unknown}
 w - 2 scrolls of brand weapon {unknown}
 y - a scroll of enchant armour {unknown}
 z - a scroll of silence {unknown}
 E - a scroll of vulnerability {unknown}
Potions
 c - a potion of curing
 d - 3 potions of resistance
 i - a potion of haste
 k - a potion of lignification
 p - a potion of might
 C - a potion of mutation {unknown}


   Skills:
 - Level 10.0 Fighting
 + Level 10.0 Axes
 - Level 2.1 Armour
 - Level 1.5 Dodging
 - Level 0.8 Stealth
 + Level 7.4 Shields
 + Level 2.5 Evocations


You had 8 spell levels left.
You didn't know any spells.
Your spell library was empty.

Dungeon Overview and Level Annotations

Branches:
Dungeon (7/15)             Temple (0/1) D:5

Altars:
Cheibriados
Elyvilon
Nemelex Xobeh
Yredelemnul

Annotations:
D:6 2 transporters, buhh's ghost, amateur FoHu
D:7 Joseph


Message History

Okay, then.
Unknown command.
Unknown command.
Unknown command.
Aiming: Throw Flame
Press: ? - help, Q - select action, (/) - cycle Shift-Dir - straight line, f/p - boulder beetle
Aim: a boulder beetle (almost dead, rolling, umbra, 100% to hit)
The puff of flame hits the boulder beetle.
The boulder beetle is almost dead.
You block the boulder beetle's attack.
The boulder beetle stops rolling and uncurls.
You hit the boulder beetle but do no damage.
The boulder beetle is almost dead.
The boulder beetle bites you but does no damage.
You hit the boulder beetle but do no damage.
The boulder beetle is almost dead.
The boulder beetle leaps!
You feel much better.
The boulder beetle curls into a ball and begins rolling!
You barely miss the boulder beetle.
The boulder beetle is almost dead.
The boulder beetle hits you!!
* * * LOW HITPOINT WARNING * * *
The boulder beetle stops rolling and uncurls.
The boulder beetle leaps!
Unknown command.
Aiming: Throw Flame
Press: ? - help, Q - select action, (/) - cycle Shift-Dir - straight line, f/p - boulder beetle
Aim: a boulder beetle (almost dead, umbra, 100% to hit)
The puff of flame hits the boulder beetle but does no damage.
The boulder beetle is almost dead.
Your magical contamination has completely faded away.
Aiming: Throw Flame
Press: ? - help, Q - select action, (/) - cycle Shift-Dir - straight line, f/p - boulder beetle
Aim: a boulder beetle (almost dead, umbra, 100% to hit)
The puff of flame hits the boulder beetle!
The boulder beetle is almost dead.
The boulder beetle curls into a ball and begins rolling!
You feel better. The boulder beetle hits you!!
You die...

######################
#....................#
#....................#
#.......°............#
#########.....@B.............#
.........#'####......#########
.........#....#......#
....[....#....#......#
.........##..)#......#########
#####.....######....##..#....#
#.....# #....'...#...<#
#.....# #....#...#....#
#.....# #....#...'....#


You could see a boulder beetle (rolling).

Vanquished Creatures
  Pikel (D:6)
  Sigmund (D:2)
  A steam dragon (D:6)
  2 water moccasins (D:6)
  Duvessa (D:6)
  A sky beast (D:6)
  An ice beast (D:5)
  A necrophage (D:4)
  3 ogres
  A phantom (D:3)
  2 lemures (D:5)
  A kobold brigand (D:6)
  A bullfrog (D:7)
  A scorpion (D:3)
  A wyvern skeleton (D:6)
  A water moccasin zombie (D:7)
  Dowan (D:6)
  2 centaur zombies
  3 hounds
  3 orc priests
  2 gnoll shamans
  2 centaur skeletons
  2 iguanas
  An orc wizard (D:3)
  9 adders
  7 gnolls
  2 white imps (D:7)
  2 adder skeletons (D:4)
  A worm (D:3)
  5 dart slugs
  26 orcs
  7 bats
  6 endoplasms
  6 giant cockroaches
  6 goblins
  7 hobgoblins
  4 jackals
  13 kobolds
  5 quokkas
  11 ball pythons
  7 frilled lizards
  8 rats
168 creatures vanquished.

Notes
Turn   | Place    | Note
-------+----------+-------------------------------------------
     0 | D:1      | Protagoras the Hill Orc Berserker began the quest for the
                  | Orb.
     0 | D:1      | Reached XP level 1. HP: 19/19 MP: 1/1
   148 | D:1      | Reached XP level 2. HP: 27/27 MP: 2/2
   717 | D:2      | Reached XP level 3. HP: 33/33 MP: 3/3
   815 | D:2      | Found a sparkling altar of Nemelex Xobeh.
   886 | D:1      | You fall into a shaft and drop 1 floor!
   953 | D:2      | Noticed Sigmund
  1014 | D:1      | Reached skill level 5 in Axes
  1301 | D:1      | Reached ** piety under Trog
  1750 | D:2      | Killed Sigmund
  1751 | D:2      | Reached skill level 5 in Fighting
  1751 | D:2      | Reached XP level 4. HP: 42/42 MP: 4/4
  1751 | D:2      | Reached XP level 5. HP: 48/48 MP: 5/5
  1957 | D:3      | Found the ring of Shadows {Umbra +Inv Stlth+}
  2078 | D:2      | Reached XP level 6. HP: 39/56 MP: 6/6
  2181 | D:3      | Reached skill level 1 in Evocations
  2475 | D:3      | Found a faded altar of an unknown god.
  3200 | D:4      | Reached *** piety under Trog
  3516 | D:4      | Found a snail-covered altar of Cheibriados.
  3744 | D:4      | Noticed a necrophage
  3759 | D:4      | Killed a necrophage
  3760 | D:4      | Reached skill level 1 in Shields
  3760 | D:4      | Reached XP level 7. HP: 52/63 MP: 7/7
  3971 | D:3      | Identified the ring "Xekuug" {Fire Str+3 Int+4}
  4360 | D:5      | Entered Level 5 of the Dungeon
  4397 | D:5      | Found a staircase to the Ecumenical Temple.
  4667 | D:5      | Reached XP level 8. HP: 73/73 MP: 8/8
  4892 | D:5      | Found a basalt altar of Yredelemnul.
  5215 | D:5      | Found a white marble altar of Elyvilon.
  5347 | D:6      | Noticed Pikel
  5623 | D:6      | Noticed Duvessa
  6240 | D:6      | Killed Duvessa
  6244 | D:6      | Noticed Dowan
  6534 | D:6      | Killed Dowan
  6730 | D:6      | Reached skill level 5 in Shields
  6843 | D:6      | Reached skill level 10 in Axes
  6965 | D:6      | Reached XP level 9. HP: 63/82 MP: 9/9
  7212 | D:6      | Killed Pikel
  7622 | D:6      | Found a transporter.
  7622 | D:6      | Noticed buhh's ghost (amateur FoHu)
  7778 | D:6      | Found a transporter.
  8036 | D:7      | Reached skill level 10 in Fighting
  8198 | D:7      | Noticed Joseph
  8244 | D:7      | Noticed a boulder beetle
  8503 | D:7      | Slain by a boulder beetle

Illustrated notes

Levels and vault maps discovered:
D:1:      dpeg_arrival_tiny_j, layout_rooms
D:2:      layout_basic, basic_altar, uniq_sigmund
D:3:      minmay_bubble_buster, layout_rooms,
          hellmonk_ecumenical_altar_crossroads, grunt_decor_junction
D:4:      layout_basic, cheibriados_altar_2, st_stairs_10,
          nicolae_figureground_pulse
D:5:      layout_gridville, elyvilon_altar_4, mainiacjoe_overflow_cross_hatched,
          temple_green
D:6:      layout_cave_pods, gammafunk_ghost_stat_death, uniq_pikel, uniq_duvessa
D:7:      layout_gridville, uniq_joseph

Skill      XL: |  1  2  3  4  5  6  7  8  9 |
---------------+----------------------------+-----
Fighting       | 4 5 6 7 8 10 | 10.0
Axes           | 6 7 8 10 | 10.0
Evocations     | 1 2 |  2.5
Shields        | 1 3 5 7 |  7.4
Armour         | |  2.1
Dodging        | |  1.5
Stealth        | |  0.8

Action                   |  1- 3 |  4- 6 |  7- 9 || total
-------------------------+-------+-------+-------++-------
Melee: Hand axe          |   102 |   152 |       ||   254
       Punch             |     1 |     4 |       ||     5
       War axe           |       |    19 |   335 ||   354
Throw: Dart              |       |     1 |       ||     1
Invok: Berserk           |     2 |     1 |    12 ||    15
       Trog's Hand       |     1 |       |       ||     1
 Abil: Evoke Invisibilit |       |       |     1 ||     1
Evoke: Wand              |       |       |     5 ||     5
  Use: Scroll            |       |       |     7 ||     7
       Potion            |       |       |     5 ||     5
 Stab: Sleeping          |       |     6 |       ||     6
       Invisible         |       |       |     3 ||     3
Armor: Animal skin       |    16 |       |       ||    16
       Robe              |     2 |    17 |       ||    19
       Ring mail         |     1 |       |       ||     1
       Scale mail        |       |    26 |    23 ||    49
       Chain mail        |       |       |   125 ||   125
Dodge: Dodged            |    52 |    76 |    97 ||   225
Block: Kite shield       |       |     5 |   135 ||   140
